Map: LotV Custom - Nimbus LE - Archon Mode

Players

Hindulaatti - Winner!

  • Race: Terran Terran
  • League: Platinum
  • Spawn Location: 1:00

ZERATUL - Winner!

  • Race: Protoss Protoss

Quetchi

  • Race: Terran Terran
  • League: Gold
  • Spawn Location: 7:00

Lepoulpe

  • Race: Protoss Protoss

VOD

Have the link to the VOD?

Description

Time

  • Played on: April 2, 2015, 9:33 a.m.
  • Length: 21:54
Show
View Real Time Build Order
Export as new Build Order

Hindulaatti Terran - Winner!

Build Orders:  

Get SALT Encoding   

  12  0:01  SCV  
  13  0:13  SCV  
  14  0:19  Supply Depot  
  14  0:26  SCV  
  15  0:40  SCV  
  16  0:47  Barracks  
  16  0:50  Refinery  
  16  0:53  SCV  
  17  1:05  SCV  
  18  1:18  SCV  
  19  1:33  Orbital Command  
  19  1:36  Reaper  
  20  1:41  Supply Depot  
  20  1:44  Barracks  
  20  1:59  SCV  
  21  2:04  Command Center  
  21  2:11  Marine  
  22  2:18  SCV  
  22  2:20  Factory  
  23  2:32  Marine x2  
  23  2:35  SCV  
  26  2:47  Supply Depot  
  26  2:49  SCV  
  26  2:50  Marine x2  
  29  3:03  SCV  
  30  3:05  Starport  
  30  3:08  Widow Mine  
  30  3:09  Marine x2  
  34  3:15  SCV  
  34  3:17  Orbital Command  
  35  3:21  Refinery  
  35  3:27  Marine x2  
  37  3:45  Factory Tech Lab  
  37  3:46  Medivac  
  37  3:48  SCV x2  
  41  3:53  Marine  
  41  3:54  Marine  
  43  4:00  SCV x2  
  45  4:11  Marine x2  
  45  4:14  Refinery  
  45  4:16  Refinery  
  47  4:25  Supply Depot, Factory Tech Lab  
  47  4:31  SCV x2  
  47  4:32  Barracks Reactor  
  47  4:38  Banshee  
  52  4:39  Barracks Tech Lab  
  52  4:42  Fusion Core  
  52  4:43  SCV  
  52  4:44  SCV  
  54  4:48  Supply Depot  
  54  4:51  Command Center  
  54  4:54  Siege Tank  
  54  4:57  SCV  
  58  5:18  SCV x2  
  58  5:19  Marauder, Marine x2  
  64  5:23  Banshee  
  64  5:26  Siege Tank  
  70  5:34  SCV  
  70  5:37  Supply Depot  
  70  5:39  SCV  
  61  6:01  Corvid Reactor  
  61  6:06  Engineering Bay  
  61  6:16  SCV x2  
  63  6:19  Orbital Command  
  63  6:28  SCV x2  
  63  6:29  Marine x3  
  63  6:32  Siege Tank  
  71  6:33  Banshee  
  71  6:34  Terran Infantry Weapons Level 1  
  71  6:38  Missile Turret  
  74  6:40  SCV x2  
  76  6:55  SCV  
  74  7:14  SCV  
  74  7:15  Marine x2, SCV  
  70  7:16  Medivac, Marauder, Siege Tank  
  79  7:35  Orbital Command, SCV x2  
  79  7:36  Marine x2  
  79  7:37  Marine  
  83  7:38  Command Center  
  84  7:46  Medivac  
  84  7:48  Siege Tank  
  89  7:59  Refinery  
  89  8:01  SCV x2  
  89  8:02  Marauder, Refinery  
  93  8:11  Marine x2  
  92  8:13  Supply Depot  
  92  8:15  Supply Depot  
  92  8:16  Missile Turret  
  92  8:51  SCV x3  
  95  8:56  Orbital Command, Viking  
  95  9:01  Missile Turret  
  97  9:03  SCV x2  
  99  9:21  SCV x2  
  101  9:26  SCV x2  
  101  9:27  Marauder, Marine x2  
  101  9:28  Medivac, Siege Tank  
  112  9:35  Starport  
  112  9:42  SCV x2  
  112  9:43  SCV x2  
  116  9:53  Marauder, Marine x2  
  116  9:54  SCV x2  
  116  9:55  SCV x2  
  116  9:58  Medivac  
  123  10:06  SCV  
  121  10:10  Starport, Barracks  
  121  10:11  Marine x2  
  123  10:15  Marauder  
  125  10:28  Marine  
  125  10:29  SCV x2  
  125  10:30  SCV x2  
  125  10:34  Marine  
  131  10:41  Marauder, SCV x2  
  135  10:44  Supply Depot  
  135  10:46  Supply Depot, Marine  
  135  10:48  Supply Depot  
  133  10:52  Marine  
  133  10:57  SCV x4  
  136  11:00  Refinery  
  136  11:01  Missile Turret  
  136  11:02  Missile Turret x2, Marine  
  136  11:03  Refinery  
  139  11:04  Marine  
  139  11:07  Starport Reactor  
  139  11:08  Starport Tech Lab  
  139  11:09  Barracks Reactor, SCV x4  
  139  11:10  Barracks  
  144  11:17  Command Center  
  144  11:21  Command Center, SCV  
  145  11:26  Command Center  
  145  11:42  Marauder, Marine x2  
  145  11:46  Viking x2, Raven  
  153  11:59  Marine  
  128  12:35  Barracks Tech Lab, Stimpack  
  128  12:36  Marauder, Marine x3  
  128  12:37  Marine  
  120  12:42  Banshee, Raven, Viking x2  
  120  12:44  Siege Tank  
  125  12:50  Orbital Command  
  125  12:51  Orbital Command x2  
  121  12:54  Marine x3  
  121  12:58  Marauder  
  119  13:15  Marine x2  
  119  13:16  Marauder, Marine x2  
  119  13:18  Viking  
  119  13:19  Marauder  
  126  13:23  Viking  
  126  13:24  Banshee  
  126  13:25  Raven, Siege Tank  
  136  13:33  Marine x3  
  139  13:40  Refinery, Marine x2  
  139  13:41  Refinery, Marine  
  142  13:44  Orbital Command  
  142  13:48  Viking, Hyperflight Rotors  
  142  13:50  Durable Materials  
  142  13:51  Orbital Command  
  144  13:59  Marauder x2  
  144  14:02  Marine  
  148  14:03  Marine x3  
  148  14:04  Combat Shields  
  148  14:07  Raven, Terran Infantry Armor Level 1  
  148  14:08  Armory  
  154  14:10  Weapon Refit  
  154  14:18  SCV  
  154  14:19  SCV x4  
  154  14:20  Marauder x2, Marine x2, SCV  
  166  14:31  SCV  
  167  14:32  Marine  
  167  14:33  Marine  
  167  14:35  Battlecruiser  
  167  14:36  Viking x2  
  167  14:38  Marine x2, Infernal Pre-Igniter  
  179  14:39  Siege Tank  
  179  14:42  Marauder x2  
  188  14:48  Factory x2  
  188  14:50  Marine x2  
  188  14:51  Battlecruiser  
  196  15:10  Marauder x2  
  198  15:28  Marine x2  
  179  15:52  Orbital Command  
  165  16:24  Battlecruiser x2, Viking  
  165  16:25  Viking  
  181  16:35  Behemoth Reactor  
  181  16:39  Thor  
  180  17:10  Refinery  
  180  17:13  Refinery  
  180  17:19  Refinery  
  180  17:21  Refinery  
  180  17:38  Command Center  
  166  18:08  Battlecruiser  
  166  18:09  Battlecruiser, Viking x2  
  166  18:10  Marauder x2, Marine x4  
  182  18:13  Factory Tech Lab x2  
  166  18:27  Marine  
  167  18:38  Viking  
  167  18:39  Viking, Thor x3  
  149  19:13  Battlecruiser x2  
  154  19:24  Thor x3  
  154  19:26  Viking x2  
  154  19:28  Command Center  
  154  19:29  Command Center  
  176  19:34  Orbital Command  
  160  19:38  Command Center  
  160  19:55  Marauder x2, Marine x4  
  160  19:59  Viking x2  
  165  20:07  Thor x3  
  165  20:12  Marine  
  165  20:13  Marine x2  
  186  20:17  Battlecruiser x2  
  197  20:27  Marine x3  
  200  20:31  Viking  
  200  20:32  Viking  
  189  20:49  Thor  
  195  20:58  Orbital Command  
  195  21:02  Missile Turret  
  195  21:03  Missile Turret  
  193  21:25  Missile Turret  
  193  21:26  Marine x4  
  193  21:27  Marine x2  
  197  21:49  Missile Turret  
Show
View Real Time Build Order
Export as new Build Order

ZERATUL Protoss - Winner!

Build Orders:  

Get SALT Encoding   

Show
View Real Time Build Order
Export as new Build Order

Quetchi Terran 

Build Orders: Reaper Expand, Mech 

Get SALT Encoding   

  12  0:01  SCV  
  13  0:13  SCV  
  14  0:25  Supply Depot  
  14  0:26  SCV  
  15  0:32  Refinery  
  15  0:49  SCV  
  16  0:50  Barracks  
  16  1:01  SCV  
  17  1:15  Supply Depot  
  17  1:16  SCV  
  18  1:29  SCV  
  19  1:37  Reaper  
  20  1:42  Orbital Command  
  20  2:06  Command Center  
  20  2:08  SCV  
  21  2:21  Factory  
  21  2:25  SCV  
  22  2:31  Barracks Reactor  
  22  2:37  SCV  
  22  2:38  Refinery  
  23  2:50  SCV  
  24  3:03  SCV  
  25  3:08  Marine x2  
  25  3:09  Factory Tech Lab  
  25  3:11  Starport  
  25  3:12  Bunker  
  27  3:17  Orbital Command  
  27  3:20  Refinery  
  27  3:26  Marine x2  
  29  3:32  Siege Tank  
  32  3:34  SCV  
  33  3:43  Engineering Bay  
  33  3:44  SCV  
  33  3:46  SCV  
  33  3:48  Marine x2  
  35  3:55  Medivac  
  38  3:56  SCV  
  39  4:08  Supply Depot  
  39  4:11  Marine x2, Siege Tank  
  44  4:18  Supply Depot  
  44  4:21  SCV  
  44  4:22  SCV  
  46  4:41  SCV x2  
  48  4:45  Missile Turret  
  48  4:51  Marine x2  
  48  4:52  Siege Tank  
  53  4:53  Viking  
  53  4:54  Missile Turret  
  55  5:03  Factory, SCV x2  
  54  5:39  Missile Turret  
  54  5:48  SCV x2  
  56  5:55  Factory, Factory Tech Lab  
  51  5:58  Starport  
  51  5:59  Starport Tech Lab  
  51  6:09  Missile Turret  
  51  6:17  SCV x2  
  53  6:20  Missile Turret  
  53  6:24  Marine x2  
  55  6:25  Siege Tank  
  55  6:27  Viking  
  60  6:36  Starport Reactor  
  60  6:38  Factory Reactor  
  60  6:43  Supply Depot  
  60  6:45  Supply Depot x2  
  60  6:46  Supply Depot  
  60  6:48  SCV x2  
  60  7:04  Siege Tank  
  60  7:28  Hellion x2  
  64  7:39  Starport Tech Lab  
  64  7:42  SCV x2  
  66  7:46  Armory  
  66  7:49  Armory  
  66  7:53  Missile Turret  
  64  8:12  SCV x2  
  66  8:24  Medivac x2, SCV x2  
  66  8:26  Infernal Pre-Igniter  
  72  8:27  Command Center  
  72  8:30  Siege Tank  
  75  8:35  Refinery  
  75  8:36  SCV x2  
  75  8:37  Command Center  
  75  8:39  Terran Vehicle and Ship Weapons Level 1  
  77  8:43  Marine x2  
  77  8:45  Hellion x2  
  77  8:46  Hellion  
  77  8:47  Terran Vehicle And Ship Armor Level 1  
  81  9:00  Missile Turret  
  81  9:02  Command Center  
  81  9:04  SCV x2  
  81  9:06  Marine x2  
  85  9:23  Refinery  
  85  9:27  Supply Depot  
  85  9:28  Refinery  
  85  9:30  Marine  
  86  9:38  Viking x2, Marine  
  86  9:39  Siege Tank x2, Hellbat x2  
  86  9:44  Missile Turret  
  95  10:21  Orbital Command  
  93  10:26  Marine  
  93  10:27  Marine  
  95  10:29  Siege Tank x2, Hellion x2  
  95  10:30  Viking x3  
  110  10:46  Missile Turret  
  110  10:50  SCV x3  
  110  10:53  Orbital Command  
  113  11:00  Orbital Command  
  113  11:02  SCV x3  
  116  11:04  Missile Turret  
  116  11:06  Marine x2  
  116  11:08  Hellbat  
  120  11:15  SCV x2  
  120  11:16  SCV  
  123  11:26  Missile Turret  
  123  11:29  SCV x2  
  123  11:30  SCV x3  
  128  11:36  Siege Tank x2  
  128  11:37  Hellbat x2  
  138  11:54  Sensor Tower  
  138  11:59  Sensor Tower, SCV  
  138  12:00  Missile Turret  
  139  12:05  Supply Depot, SCV  
  139  12:06  SCV  
  139  12:14  Sensor Tower  
  139  12:19  SCV  
  139  12:20  SCV  
  139  12:21  Hellbat x2  
  106  12:31  SCV x3  
  106  12:32  SCV x2  
  88  12:44  Siege Tank, Hellbat x2  
  88  12:45  Viking x3, Siege Tank  
  96  12:55  Factory  
  96  12:57  Factory  
  91  13:10  Hellbat x2  
  91  13:15  Command Center  
  91  13:18  Refinery  
  89  13:20  Refinery  
  89  13:22  Refinery  
  89  13:24  Siege Tank x2  
  95  13:37  Refinery x2  
  95  13:40  Widow Mine x2  
  99  13:42  Medivac  
  99  13:43  Command Center  
  101  14:07  SCV x2  
  101  14:08  SCV x2  
  105  14:15  Marine, Siege Tank x2, Hellbat x2  
  105  14:16  Sensor Tower  
  116  14:18  Missile Turret  
  116  14:19  Factory Tech Lab x2  
  116  14:28  Medivac x2  
  116  14:29  Viking  
  122  14:33  Orbital Command  
  122  14:36  Missile Turret  
  122  14:42  Siege Tank, Hellbat  
  122  14:43  Hellbat  
  129  14:57  Orbital Command  
  129  15:00  Siege Tank x3  
  129  15:02  Viking, Command Center  
  129  15:04  Hellbat x2  
  129  15:06  Refinery x2  
  141  15:24  Siege Tank  
  141  15:25  Viking, Hellbat x2  
  141  15:26  Viking  
  149  15:32  Siege Tank  
  152  15:41  Viking  
  152  15:42  Thor  
  147  15:55  Viking  
  133  15:59  Siege Tank x2  
  133  16:00  Viking, Hellbat x2  
  129  16:16  SCV x4  
  131  16:21  Marine x2  
  128  16:34  Viking  
  128  16:35  Viking x2  
  128  16:38  Starport  
  133  16:40  Starport  
  133  16:44  SCV x4  
  133  17:00  Thor x4  
  157  17:02  Hellbat  
  157  17:03  Hellbat  
  157  17:07  Refinery x2  
  161  17:14  Viking  
  161  17:15  Viking  
  161  17:17  Starport Reactor  
  161  17:23  Viking  
  161  17:27  Orbital Command, Starport Reactor  
  146  17:46  Viking  
  146  17:47  Viking  
  140  18:17  SCV  
  137  18:29  SCV  
  134  18:41  SCV  
  134  18:44  Siege Tank x3  
  134  18:45  Siege Tank  
  134  18:46  Viking x4, Hellbat x2  
  155  18:53  SCV  
  150  19:00  Viking x2  
  127  19:05  SCV  
  96  19:15  Viking  
  96  19:16  Viking  
  91  19:27  Viking x2  
  89  19:39  Orbital Command  
  89  19:57  Viking x3  
  95  20:08  Hellion  
  95  20:09  Hellion x2  
  95  20:10  Command Center  
  95  20:11  Refinery, Missile Turret  
  95  20:12  Refinery  
  99  20:15  Missile Turret  
  98  20:33  Refinery  
  98  20:35  Refinery, SCV  
  68  20:36  SCV  
  53  20:51  Viking x4  
  59  21:09  Thor  
  71  21:11  Siege Tank x2  
Show
View Real Time Build Order
Export as new Build Order

Lepoulpe Protoss 

Build Orders:  

Get SALT Encoding   

Tags
 
Add a new tag
Caveats
  • Supply blocks, unpowered buildings, or Contaminate may cause inaccurate times.
  • Supply counts are checked every 10 seconds.